 Dungeon Crawl Stone Soup version 0.26.1-11-gd32895ea62 (webtiles) character file.

Game seed: 5666568325810072841

4153 growler the Slasher (level 10, -7/79 HPs)
             Began as a Human Berserker on June 25, 2021.
             Was a High Priest of Trog.
             Mangled by an enormous slime creature (42 damage)
             ... on level 9 of the Dungeon.
             The game lasted 00:19:04 (7614 turns).

growler the Slasher (Human Berserker)               Turns: 7614, Time: 00:19:04

Health: -7/79      AC: 29    Str: 27    XL:     10   Next: 52%
Magic:  19/19      EV:  6    Int:  9    God:    Trog [*****.]
Gold:   139        SH: 11    Dex: 12    Spells: 9/9 levels left

rFire    . . .     SeeInvis +   o - +3 dagger (elec)
rCold    . . .     Faith    .   y - +0 kite shield
rNeg     . . .     Spirit   .   G - +1 crystal plate armour
rPois    .         Reflect  .   d - +1 helmet of the Skies Above {-Cast Str+5 Int+2 SInv}
rElec    .         Harm     .   F - +2 cloak
rCorr    .         Rampage  .   L - +2 pair of gloves
Will     .....     NoCast   +   q - +0 pair of boots
Stlth    ..........             r - amulet of regeneration
HPRegen  0.63/turn              k - ring of magical power
MPRegen  0.16/turn              p - ring of wizardry

@: no status effects
A: no striking features
a: Renounce Religion, Berserk, Trog's Hand, Brothers in Arms


You were on level 9 of the Dungeon.
You worshipped Trog.
Trog was extremely pleased with you.
You visited 1 branch of the dungeon, and saw 9 of its levels.

You collected 479 gold pieces.
You spent 340 gold pieces at shops.

Inventory:

Hand Weapons
 o - a +3 dagger of electrocution (weapon)
   (You took it off a goblin on level 2 of the Dungeon)
Missiles
 t - 67 poisoned darts
Armour
 d - the +1 helmet of the Skies Above (worn) {-Cast Str+5 Int+2 SInv}
   (You bought it in a shop on level 7 of the Dungeon)

   It affects your strength (+5).
   It affects your intelligence (+2).
   It lets you see invisible.
   It prevents spellcasting.
 q - a +0 pair of boots (worn)
   (You found it on level 2 of the Dungeon)
 y - a +0 kite shield (worn)
   (You found it on level 3 of the Dungeon)
 F - a +2 cloak (worn)
   (You took it off Crazy Yiuf on level 5 of the Dungeon)
 G - a +1 crystal plate armour (worn)
   (You found it on level 5 of the Dungeon)
 L - a +2 pair of gloves (worn)
   (You found it on level 6 of the Dungeon)
Jewellery
 k - a ring of magical power (left hand)
   (You found it on level 2 of the Dungeon)
 p - a ring of wizardry (right hand)
   (You found it on level 2 of the Dungeon)
 r - an amulet of regeneration (around neck)
   (You found it on level 2 of the Dungeon)
Wands
 s - a wand of polymorph (5)
   (You found it on level 9 of the Dungeon)
 x - a wand of acid (10)
   (You found it on level 7 of the Dungeon)
Scrolls
 a - 2 scrolls of enchant armour
 c - 3 scrolls of amnesia
 f - 4 scrolls of enchant weapon
 h - 3 scrolls of immolation {unknown}
 i - 2 scrolls of blinking
 m - 2 scrolls of identify {@r1}
 u - 10 scrolls of teleportation {@r4}
 w - 3 scrolls of remove curse {@r2}
 C - a scroll of magic mapping
 D - a scroll of torment {unknown}
 H - a scroll of silence {unknown}
 I - a scroll of fog {unknown}
Potions
 b - a potion of ambrosia {unknown}
 e - a potion of degeneration {!q}
 g - 6 potions of curing {@q1}
 j - a potion of attraction {!q}
 l - a potion of might
 n - a potion of resistance {unknown}
 A - 2 potions of haste {@q3}
 B - a potion of mutation {!q}
 E - 4 potions of brilliance
 J - a potion of magic
 K - 2 potions of berserk rage


   Skills:
 + Level 7.3 Fighting
 + Level 7.3 Long Blades
 + Level 6.7 Armour
 + Level 6.8 Dodging
 + Level 6.2 Shields


You had 9 spell levels left.
You didn't know any spells.
Your spell library was empty.

Dungeon Overview and Level Annotations

Branches:
Dungeon (9/15)             Temple (0/1) D:7
   Lair: D:8-11         Orc: D:9-12

Altars:
Uskayaw

Shops:
D:7 [}


Message History

Lightning courses through the shadow imp!!
You kill the shadow imp!
Trog accepts your kill.
Done exploring.
Done exploring.
Done exploring.
There is a stone staircase leading down here.
You climb downwards.
Found 8 gold pieces.
There is a stone staircase leading up here.
You now have 120 gold pieces (gained 8).
Found a leather armour.
Found a stone staircase leading up.
Found a jewelled bronze wand.
Found a stone staircase leading down.
s - a wand of polymorph (5)
You now have 139 gold pieces (gained 19).
A slime creature comes into view.
The slime creature quivers.
A slime creature is nearby!
A slime creature is nearby!
A slime creature comes into view.
The slime creature quivers. 2 slime creatures come into view.
The slime creature quivers.
You hit the slime creature.
Lightning courses through the slime creature!
You block the slime creature's attack.
Two slime creatures merge to form a large slime creature.
You hit the large slime creature. You hit the large slime creature.
Lightning courses through the large slime creature!!
You hit the large slime creature but do no damage.
The large slime creature completely misses you.
You hit the large slime creature.
Lightning courses through the large slime creature!
The large slime creature hits you!
You barely miss the large slime creature.
Two slime creatures merge to form a very large slime creature.
Two slime creatures merge to form an enormous slime creature.
You hit the enormous slime creature.
Your shield and crystal plate armour prevent you from hitting the enormous slime creature.
The enormous slime creature hits you.
You hit the enormous slime creature. The enormous slime creature hits you!!!
Ouch! That really hurt!
* * * LOW HITPOINT WARNING * * *
A slime creature comes into view.
The enormous slime creature hits you!!!
Ouch! That really hurt!
You die...

# #.... # .##....
. ...... . #.
#...# #. #.##...#
.#.##......######
................#
.....>#....###J#
.............#@#
..##..........#
#..#..J#.#.#
##..#.......#
#...........# .
##..#.#.#.#.# ..#
#........#.# ....
#........#.#
..#..##..#####.#.#


You could see an enormous slime creature and a slime creature.

Vanquished Creatures
  Pikel (D:7)
  Maggie (D:7)
  3 yaks (D:5)
  Duvessa (D:7)
  2 black bears
  An orc warrior (D:8)
  2 sky beasts (D:7)
  3 phantoms
  An ogre (D:8)
  2 centaurs
  5 bullfrogs
  Dowan (D:7)
  3 scorpions
  3 howler monkeys
  A centaur zombie (D:7)
  2 bullfrog zombies
  3 hounds
  Crazy Yiuf (D:5)
  5 orc priests
  2 jellies
  6 orc wizards
  2 centaur skeletons
  An iguana (D:7)
  3 worker ants
  2 hound skeletons
  Robin (D:2)
  3 gnolls (D:4)
  6 adders
  3 shadow imps
  An ooze (D:4)
  3 worms
  A dart slug (D:1)
  9 leopard geckos
  29 orcs
  4 giant cockroaches
  18 goblins
  5 hobgoblins
  4 jackals (D:4)
  2 quokkas
  A ball python (D:2)
  8 bats
  7 frilled lizards
  5 kobolds
  A leopard gecko skeleton (D:5)
  8 rats
176 creatures vanquished.

Notes
Turn   | Place    | Note
-------+----------+-------------------------------------------
     0 | D:1      | growler the Human Berserker began the quest for the Orb.
     0 | D:1      | Reached XP level 1. HP: 18/18 MP: 1/1
   288 | D:1      | Reached XP level 2. HP: 23/24 MP: 2/2
   637 | D:2      | Reached XP level 3. HP: 29/29 MP: 3/3
   948 | D:2      | Noticed Robin
   962 | D:2      | Reached ** piety under Trog
   992 | D:2      | Killed Robin
   993 | D:2      | Reached XP level 4. HP: 17/35 MP: 4/4
  1803 | D:3      | Reached XP level 5. HP: 41/41 MP: 5/5
  2792 | D:4      | Noticed a phantom
  2804 | D:4      | Reached *** piety under Trog
  2805 | D:4      | Reached skill level 1 in Shields
  2807 | D:4      | Killed a phantom
  2808 | D:4      | Reached XP level 6. HP: 42/48 MP: 6/6
  3401 | D:4      | Reached XP level 7. HP: 41/54 MP: 7/7
  3887 | D:5      | Entered Level 5 of the Dungeon
  4119 | D:5      | Noticed a yak
  4119 | D:5      | Noticed a yak
  4121 | D:5      | Noticed a yak
  4138 | D:5      | Killed a yak
  4139 | D:5      | Reached XP level 8. HP: 61/61 MP: 8/8
  4141 | D:5      | Killed a yak
  4142 | D:5      | Reached skill level 5 in Fighting
  4142 | D:5      | Reached skill level 5 in Long Blades
  4147 | D:5      | Killed a yak
  4514 | D:5      | Reached **** piety under Trog
  4604 | D:5      | Found a runed translucent door.
  4605 | D:5      | Noticed Crazy Yiuf
  4864 | D:5      | Killed Crazy Yiuf
  4865 | D:5      | Reached skill level 5 in Dodging
  4971 | D:6      | Reached XP level 9. HP: 68/68 MP: 9/9
  5054 | D:6      | Reached skill level 5 in Armour
  5523 | D:6      | Noticed a +0 hand axe
  5524 | D:6      | Noticed a +0 dagger
  5527 | D:6      | Found a hide-covered altar of Uskayaw.
  6151 | D:7      | Found a staircase to the Ecumenical Temple.
  6165 | D:7      | Noticed Pikel
  6175 | D:7      | Noticed Duvessa
  6177 | D:7      | Noticed Dowan
  6191 | D:7      | Killed Pikel
  6192 | D:7      | Reached skill level 5 in Shields
  6205 | D:7      | Killed Duvessa
  6211 | D:7      | Killed Dowan
  6331 | D:7      | Found Tiacao's Armour Shoppe.
  6339 | D:7      | Noticed Maggie
  6356 | D:7      | Killed Maggie
  6357 | D:7      | Reached XP level 10. HP: 30/77 MP: 10/10
  6474 | D:7      | Bought the +1 helmet of the Skies Above {-Cast Str+5 Int+2
                  | SInv} for 340 gold pieces
  6588 | D:7      | Found Ybrok's Gadget Shoppe.
  6677 | D:7      | Reached ***** piety under Trog
  7614 | D:9      | Mangled by an enormous slime creature

Illustrated notes

Levels and vault maps discovered:
D:1:      amcnicky_arrival_single_pillar, layout_basic
D:2:      layout_loops_ring, minmay_pentomino_w4, uniq_robin
D:3:      layout_basic
D:4:      layout_basic
D:5:      layout_loops_ring, uniq_crazy_yiuf_cottage
D:6:      layout_loops_corners, dancing_weapons_uskayaw
D:7:      minmay_clustersquares, layout_cave_pools, temple_doors_e,
          serial_shops, nicolae_shop_trees, shop_fountains, chequers_arboretum,
          uniq_maggie, uniq_duvessa, uniq_pikel
D:8:      layout_rooms, amethyst_killhole, ebering_dispersal_statue_hall
D:9:      layout_basic, basic_altar, nicolae_ru_great_annihilating_truth

Skill      XL: |  1  2  3  4  5  6  7  8  9 10 |
---------------+-------------------------------+-----
Dodging        | 3 4 5 6 |  6.8
Shields        | 1 2 3 4 5 6 |  6.2
Fighting       | 4 5 6 7 |  7.3
Long Blades    | 4 5 6 7 |  7.3
Armour         | 3 4 6 |  6.7

Action                   |  1- 3 |  4- 6 |  7- 9 | 10-12 || total
-------------------------+-------+-------+-------+-------++-------
Melee: Falchion          |    78 |       |       |       ||    78
       Dagger            |       |   120 |   358 |   158 ||   636
Invok: Berserk           |     1 |     2 |     2 |       ||     5
  Use: Scroll            |       |       |    11 |     9 ||    20
 Stab: Sleeping          |     1 |       |       |       ||     1
Armor: Animal skin       |    20 |    31 |    31 |       ||    82
       Crystal plate arm |       |       |   159 |   108 ||   267
Dodge: Dodged            |    60 |    72 |    79 |    28 ||   239
Block: Buckler           |       |    16 |    18 |       ||    34
       Kite shield       |       |       |   101 |    97 ||   198
       Rpst.: Falchion   |    28 |       |       |       ||    28
